 Dungeon Crawl Stone Soup version 0.23-a0-319-gb40ba49 (console) character file.

201 bli the Insei (level 5, -7/34 HPs)
             Began as an Octopode Transmuter on Oct 14, 2018.
             Was a Follower of Uskayaw.
             Mangled by an orc
             ... wielding a +1 war axe of electrocution
              (17 damage)
             ... on level 4 of the Dungeon.
             The game lasted 00:09:14 (2409 turns).

bli the Insei (Octopode Transmuter)                 Turns: 2409, Time: 00:09:14

Health: -7/34      AC:  5    Str: 10    XL:     5   Next: 79%
Magic:  6/8        EV: 14    Int: 18    God:    Uskayaw [*.....]
Gold:   98         SH:  0    Dex: 13    Spells: 2/8 levels left

rFire    . . .     SeeInvis .     - Unarmed
rCold    . . .     Gourm    .   (no shield)
rNeg     . . .     Faith    .   (helmet restricted)
rPois    .         Spirit   .   (no amulet)
rElec    .         Reflect  .   l - +4 ring of protection
rCorr    .         Harm     .   p - +3 ring of intelligence
MR       .....                  r - ring of stealth
Stlth    +++.......             (no ring)
HPRegen  0.11/turn              (no ring)
MPRegen  0.11/turn              (no ring)
                                (no ring)
                                (no ring)

@: lethally poisoned (-7 -> -8)
A: almost no armour, stealthy swim, amphibious, 8 rings, constrict 8, camouflage
1, gelatinous body 1
a: Stomp, Renounce Religion


You were on level 4 of the Dungeon.
You worshipped Uskayaw.
Uskayaw was noncommittal.
You were not hungry.

You visited 1 branch of the dungeon, and saw 4 of its levels.

You collected 98 gold pieces.

Inventory:

Missiles
 a - 48 arrows
 b - 2 tomahawks
 h - 89 stones (quivered)
Jewellery
 l - a +4 ring of protection (left tentacle)
 p - a +3 ring of intelligence (right tentacle)
 r - a ring of stealth (on tentacle)
Scrolls
 e - 5 scrolls of remove curse {unknown}
 f - a scroll of fog {unknown}
 g - a scroll of blinking {unknown}
 i - a scroll of immolation {unknown}
 m - a scroll of magic mapping {unknown}
 n - 2 scrolls of teleportation {unknown}
 o - 6 scrolls of identify {unknown}
 q - a scroll of enchant weapon {unknown}
 s - 3 scrolls of enchant armour {unknown}
Potions
 d - a potion of heal wounds {unknown}
 j - 3 potions of lignification {unknown}
 k - a potion of mutation {unknown}
 t - a potion of haste {unknown}
Comestibles
 c - 4 rations


   Skills:
 + Level 2.0 Fighting
 + Level 2.6 Dodging
 * Level 5.0 Unarmed Combat
 + Level 2.4 Spellcasting
 + Level 2.6 Transmutations


You had 2 spell levels left.
You knew the following spells:

 Your Spells              Type           Power        Failure   Level  Hunger
a - Beastly Appendage     Tmut           ##....       6%          1    #......
s - Spider Form           Tmut/Pois      #.........   30%         3    ###....
S - Sticks to Snakes      Tmut           ##......     9%          2    ##.....

Your spell library contained the following spells:

 Spells                   Type           Power        Failure   Level  Hunger
 Ice Form                 Ice/Tmut       #.......     69%         4    #####..
 Blade Hands              Tmut           ##........   85%         5    ######.


Dungeon Overview and Level Annotations

Branches:
Dungeon (4/15)
 Temple: D:4-7

Altars:
Cheibriados
Nemelex Xobeh
Sif Muna
Uskayaw
Wu Jian

Shops:
D:4 :


Innate Abilities, Weirdness & Mutations

You cannot wear most types of armour.
You are very stealthy in the water. (Stealth+)
You are amphibious.
You can wear up to eight rings at the same time.
You can use your tentacles to constrict eight enemies at once.
Your skin changes colour to match your surroundings (Stealth+).
Your rubbery body absorbs attacks. (AC +1, EV +1)


Message History

You feel sick.
You feel sick.
You swap places.
Your tentacle spike disappears.
You feel sick.
You feel sick.
You open the door.
An orc and an orc wizard come into view.
The orc is wielding a war axe of electrocution.
The orc wizard shouts!
Your adder withers and dies!
An orc comes into view. It is wielding a mace.
There is an open door here.
An orc wizard comes into view. It is wielding a dagger of draining.
The orc shouts!
The orc hits you with a war axe of electrocution.
* * * LOW HITPOINT WARNING * * *
You are electrocuted!
Ouch! That really hurt!
You die...

.# .# .# .#
################.#
.......>.........##
.#######.########..###+#
.........#######@.......
.......#.......'.o......
.#####.#..######...o....
..........# #.......o
.###......# #.....o..
#........# ##+##'#+#
#.##.....# ...
#.....#..# .. #........#
##.####.### #.....#...+


You could see 2 orc wizards and 2 orcs.

Vanquished Creatures
  A scorpion (D:4)
  A hound (D:4)
  5 adders
  2 oozes
  2 worms
  4 leopard geckos
  2 orcs (D:3)
  A ball python (D:1)
  5 bats
  3 giant cockroaches
  6 goblins
  8 hobgoblins
  3 quokkas (D:2)
  5 frilled lizards
  8 kobolds
  6 rats
62 creatures vanquished.

Notes
Turn   | Place    | Note
-------+----------+-------------------------------------------
     0 | D:1      | bli the Octopode Transmuter began the quest for the Orb.
     0 | D:1      | Reached XP level 1. HP: 13/13 MP: 3/3
   170 | D:1      | Reached XP level 2. HP: 18/18 MP: 3/5
   430 | D:1      | Reached XP level 3. HP: 17/23 MP: 4/6
   698 | D:1      | Reached skill level 4 in Unarmed Combat
  1046 | D:2      | Found an ornate altar of the Wu Jian Council.
  1049 | D:2      | Found a sparkling altar of Nemelex Xobeh.
  1052 | D:2      | Found a snail-covered altar of Cheibriados.
  1055 | D:2      | Found a deep blue altar of Sif Muna.
  1175 | D:2      | Reached XP level 4. HP: 29/29 MP: 5/7
  1381 | D:2      | Learned a level 2 spell: Sticks to Snakes
  1801 | D:3      | Reached XP level 5. HP: 34/34 MP: 6/8
  1840 | D:3      | Found a hide-covered altar of Uskayaw.
  1843 | D:3      | Became a worshipper of Uskayaw the Reveler
  2019 | D:3      | Reached * piety under Uskayaw
  2359 | D:4      | Found Xerraus's Book Boutique.
  2365 | D:4      | Learned a level 3 spell: Spider Form
  2370 | D:4      | Reached ** piety under Uskayaw
  2383 | D:4      | Reached skill level 5 in Unarmed Combat
  2409 | D:4      | Mangled by an orc

Vault maps used:
D:1:      dpeg_arrival_solitude
D:2:      grunt_temple_overflow_cloverleaf
D:3:      lemuel_crystal_altar, first_ration
D:4:      serial_shops, shop

Skill      XL: |  1  2  3  4  5 |
---------------+----------------+-----
Unarmed Combat | 4 5 |  5.0
Fighting       | 2 |  2.0
Dodging        | |  2.6
Spellcasting   | |  2.4
Transmutations | |  2.6

Action                   |  1- 3 |  4- 6 || total
-------------------------+-------+-------++-------
Melee: Unarmed           |    70 |    72 ||   142
       Kick              |    14 |    12 ||    26
       Constrict         |    14 |    17 ||    31
       Tentacles         |    11 |    11 ||    22
       Punch             |     1 |     1 ||     2
Throw: Stone             |     1 |     3 ||     4
 Cast: Beastly Appendage |    13 |    13 ||    26
       Sticks to Snakes  |       |     2 ||     2
 Stab: Sleeping          |     1 |     2 ||     3
  Eat: Chunk             |     1 |     4 ||     5
Armor: Skin              |    14 |    19 ||    33
Dodge: Dodged            |    45 |    47 ||    92

Table legend:
 A = Non-vault XP
 B = Vault XP
 C = Vault XP percentage of total XP
 D = Non-vault monster count
 E = Vault monster count
 F = Vault count percentage of total count
                 A         B        C        D         E       F
            +---------+---------+-------+---------+---------+-------
      Total |     288 |       0 |   0.0 |      62 |       0 |   0.0
            +---------+---------+-------+---------+---------+-------
        D:1 |      50 |       0 |   0.0 |      25 |       0 |   0.0
        D:2 |      93 |       0 |   0.0 |      23 |       0 |   0.0
        D:3 |      38 |       0 |   0.0 |      12 |       0 |   0.0
        D:4 |     107 |       0 |   0.0 |       2 |       0 |   0.0
            +---------+---------+-------+---------+---------+-------
